Map: King Sejong Station LE

Players

llllllllllll

  • Race: Protoss Protoss
  • League: Gold

Nickos - Winner!

  • Race: Terran Terran
  • League: Gold

VOD

Have the link to the VOD?

Description

Time

  • Played on: Sept. 30, 2016, 8:42 p.m.
  • Length: 11:27
Show
View Real Time Build Order
Export as new Build Order

llllllllllll Protoss 

Build Orders:  

Get SALT Encoding   

  12  0:01  Probe (Chrono Boost)  
  13  0:11  Probe (Chrono Boost)  
  14  0:19  Pylon  
  14  0:22  Probe (Chrono Boost)  
  15  0:38  Probe (Chrono Boost)  
  15  0:40  Gateway  
  16  0:48  Probe (Chrono Boost)  
  17  0:53  Gateway  
  17  0:58  Assimilator  
  17  1:02  Probe (Chrono Boost)  
  18  1:15  Probe (Chrono Boost)  
  20  1:25  Probe (Chrono Boost)  
  20  1:28  Cybernetics Core  
  20  1:32  Pylon  
  20  1:34  Assimilator  
  20  1:36  Probe (Chrono Boost)  
  21  1:46  Probe (Chrono Boost)  
  22  1:53  Warp Gate  
  22  1:57  Probe (Chrono Boost)  
  23  2:06  Stalker  
  25  2:18  Probe (Chrono Boost)  
  25  2:22  Assimilator  
  27  2:30  Probe (Chrono Boost), Stalker  
  29  2:46  Stalker  
  31  2:58  Pylon  
  31  3:06  Nexus  
  31  3:15  Probe (Chrono Boost)  
  31  3:19  Gateway  
  30  3:37  Twilight Council  
  32  3:47  Probe (Chrono Boost)  
  31  3:59  Gateway  
  31  4:00  Gateway  
  31  4:04  Stalker x2  
  31  4:06  Robotics Facility  
  36  4:10  Resonating Glaives  
  36  4:11  Probe (Chrono Boost)  
  36  4:18  Probe (Chrono Boost)  
  36  4:23  Probe (Chrono Boost)  
  38  4:30  Pylon  
  38  4:33  Probe (Chrono Boost)  
  40  4:39  Probe (Chrono Boost)  
  40  4:45  Probe (Chrono Boost)  
  42  4:54  Probe (Chrono Boost)  
  42  4:57  Nexus  
  42  4:58  Probe (Chrono Boost)  
  43  5:02  Observer  
  45  5:08  Probe (Chrono Boost)  
  45  5:15  Stalker  
  45  5:16  Robotics Facility  
  45  5:17  Probe (Chrono Boost)  
  49  5:21  Probe (Chrono Boost)  
  49  5:27  Warp Prism  
  49  5:32  Gateway  
  49  5:35  Probe (Chrono Boost)  
  53  5:36  Probe (Chrono Boost)  
  53  5:50  Pylon x2  
  53  5:52  Probe (Chrono Boost)  
  53  5:53  Probe (Chrono Boost)  
  55  5:58  Blink  
  55  6:05  Probe (Chrono Boost)  
  55  6:06  Probe (Chrono Boost), Stalker x2  
  61  6:25  Gateway  
  61  6:26  Probe (Chrono Boost)  
  61  6:27  Gateway, Probe (Chrono Boost)  
  61  6:28  Probe (Chrono Boost)  
  61  6:30  Immortal  
  64  6:32  Assimilator  
  64  6:35  Assimilator  
  68  6:42  Gateway  
  68  6:55  Adept x5  
  78  7:08  Immortal  
  74  7:13  Immortal  
  82  7:22  Stalker x2  
  86  7:23  Adept x3  
  86  7:26  Probe (Chrono Boost)  
  86  7:28  Probe (Chrono Boost)  
  86  7:29  Probe (Chrono Boost)  
  66  7:47  Stalker  
  66  7:48  Stalker x3  
  67  7:55  Probe (Chrono Boost)  
  67  7:56  Probe (Chrono Boost)  
  64  8:13  Probe x2 (Chrono Boost)  
  64  8:15  Probe (Chrono Boost)  
  64  8:18  Stalker  
  69  8:32  Probe x2 (Chrono Boost)  
  69  8:34  Probe (Chrono Boost)  
  72  8:43  Probe x2 (Chrono Boost)  
  72  8:44  Assimilator  
  72  8:46  Probe (Chrono Boost)  
  75  8:49  Assimilator  
  75  9:10  Adept x2  
  75  9:11  Adept x4  
  81  9:32  Stalker x3  
  81  9:33  Adept x4  
  89  9:40  Probe x2 (Chrono Boost)  
  89  9:41  Probe (Chrono Boost)  
  92  9:49  Pylon  
  92  10:09  Stalker x3  
  92  10:10  Adept  
  100  10:19  Probe (Chrono Boost)  
  101  10:25  Pylon x2  
  101  10:26  Pylon  
  101  10:29  Pylon  
  101  10:38  Immortal  
  101  10:43  Probe x2 (Chrono Boost), Immortal  
  95  10:57  Stalker  
  95  10:58  Adept, Stalker x2  
  95  10:59  Adept x3  
Show
View Real Time Build Order
Export as new Build Order

Nickos Terran - Winner!

Build Orders: Reaper Expand, MMM Bio 

Get SALT Encoding   

  12  0:01  SCV  
  13  0:13  SCV  
  14  0:17  Supply Depot  
  14  0:25  SCV  
  15  0:40  Barracks  
  15  0:43  Refinery  
  15  0:44  SCV  
  16  0:56  SCV  
  17  1:08  SCV  
  18  1:20  SCV  
  19  1:31  Reaper  
  20  1:38  Orbital Command  
  20  1:48  Barracks  
  20  1:55  Command Center  
  20  2:05  Barracks Reactor  
  20  2:16  SCV  
  21  2:28  SCV  
  22  2:40  SCV  
  22  2:43  Barracks Tech Lab  
  23  2:45  Supply Depot  
  23  2:49  Factory  
  23  3:03  Refinery  
  23  3:06  Marine x3  
  23  3:07  SCV  
  23  3:08  Orbital Command  
  27  3:19  Stimpack, SCV  
  27  3:24  Marine  
  28  3:31  SCV, Marine x2  
  31  3:41  SCV  
  32  3:51  Factory Reactor  
  32  3:52  Marine x3  
  32  3:53  Starport  
  35  3:56  SCV x2  
  37  4:03  Bunker  
  37  4:08  SCV x2  
  37  4:09  Marine  
  40  4:28  SCV x2  
  41  4:31  Marine x2  
  41  4:32  Marine  
  41  4:36  Barracks  
  44  4:39  Barracks  
  44  4:40  SCV  
  44  4:42  SCV  
  46  4:50  Supply Depot  
  46  5:06  Medivac x2, SCV x2, Marine x2  
  54  5:11  Marine  
  54  5:13  Supply Depot  
  55  5:18  SCV x2  
  55  5:19  Combat Shields  
  55  5:20  Widow Mine  
  59  5:24  Barracks Tech Lab, Marauder  
  61  5:29  Marine  
  61  5:30  Command Center  
  62  5:36  SCV x2  
  62  5:40  Barracks Tech Lab, Supply Depot  
  64  5:43  Supply Depot, Marine  
  64  5:44  Liberator  
  64  5:48  SCV  
  66  5:57  Marauder x2  
  66  6:01  SCV  
  66  6:03  SCV  
  75  6:06  Marine  
  76  6:13  SCV  
  77  6:18  Marauder  
  77  6:23  Liberator, Marine x2  
  77  6:24  Marauder  
  83  6:26  SCV x2  
  85  6:33  Supply Depot  
  85  6:34  Supply Depot  
  85  6:37  Marine  
  88  6:40  Marauder  
  88  6:41  Marine  
  88  6:42  Marauder  
  88  6:45  Marauder  
  96  6:58  Marine  
  96  6:59  Marine  
  100  7:01  Marauder  
  100  7:03  Marauder  
  100  7:07  Marauder  
  101  7:15  Medivac  
  103  7:16  Marine x2  
  107  7:23  Marauder  
  107  7:24  Marauder  
  100  7:37  Marine  
  100  7:38  Marine  
  100  7:39  Marauder  
  98  7:44  Marauder  
  98  7:46  Marauder  
  90  7:55  Marine  
  90  7:56  Marine  
  92  8:00  Marauder  
  92  8:02  Medivac  
  98  8:05  Marauder  
  98  8:07  Marauder  
  100  8:16  Marine x2  
  102  8:21  Marauder  
  102  8:26  Marine  
  105  8:29  Marauder  
  105  8:30  Supply Depot  
  105  8:32  Supply Depot  
  105  8:33  Engineering Bay  
  107  8:34  Engineering Bay  
  107  8:35  Refinery  
  107  8:43  Marauder  
  107  8:44  SCV x2  
  107  8:45  Refinery, Marauder  
  107  8:46  Orbital Command  
  107  8:47  Marine x2  
  115  8:50  Medivac, Marauder  
  119  8:56  SCV  
  120  9:04  Marauder  
  120  9:05  Marine x2  
  120  9:06  Marauder  
  126  9:11  Marauder  
  128  9:25  Marauder  
  128  9:27  Marauder, Marine x2  
  132  9:33  Marauder  
  132  9:37  Missile Turret  
  132  9:44  Supply Depot  
  132  9:45  Marine x2  
  133  9:47  Marauder  
  133  9:49  Marauder  
  138  9:54  Marauder  
  138  9:59  Missile Turret  
  140  10:03  Marine x2  
  142  10:08  Marauder  
  142  10:11  Marine  
  145  10:15  Marine  
  146  10:27  Medivac  
  148  10:29  Marauder  
  148  10:30  Marauder  
  148  10:31  Supply Depot  
  148  10:32  Supply Depot  
  148  10:33  Marauder  
  135  11:06  Marine x4  
Tags
 
Add a new tag
Caveats
  • Supply blocks, unpowered buildings, or Contaminate may cause inaccurate times.
  • Supply counts are checked every 10 seconds.